[Event "4th Memorial Warakomska-B 2020"]
[Site "Suwalki"]
[Date "2020.08.06"]
[Round "7.20"]
[White "Dietrich, Grzegorz"]
[Black "Borowik, Karol"]
[Result "0-1"]
[ECO "B90"]
[WhiteElo "1210"]
[BlackElo "1426"]
[Annotator "NA"]
[PlyCount "80"]
[EventDate "2020.08.06"]
[EventType "swiss"]
[EventCountry "POL"]
[SourceTitle "playchess.com"]
[Source "ChessBase"]
[SourceQuality "1"]
[TimeControl "40/5400+30:1800+30"]

1. e4 c5 2. Nf3 d6 3. d4 cxd4 4. Nxd4 Nf6 5. Nc3 a6 6. f3 e5 7. Nb3 Be6 8. Be3 Be7 9. g4 Nbd7 10. Qd2 b5 11. g5 Nh5 12. O-O-O O-O 13. Rg1 Nb6 14. Na5 Rc8 15. Kb1 Qc7 16. Nd5 Bxd5 17. exd5 Nf4 18. Bxf4 exf4 19. Bd3 g6 20. Nc6 Nxd5 21. Nxe7+ Qxe7 22. Rde1 Ne3 23. h4 Qb7 24. h5 Qxf3 25. hxg6 fxg6 26. Rh1 Rc7 27. Rh2 Qd5 28. Reh1 Qxg5 29. Rh6 Rg7 30. Qc3 Qe5 31. Qe1 Ng4 32. Qg1 Nxh6 33. Rxh6 Qe3 34. Qh1 Re7 35. Qd5+ Qe6 36. Be4 Qxd5 37. Bxd5+ Kg7 38. Rh1 Rfe8 39. Kc1 Re1+ 40. Rxe1 Rxe1+ 0-1

[Event "4th Memorial Warakomska-B 2020"]
[Site "Suwalki"]
[Date "2020.08.06"]
[Round "7.21"]
[White "Gladyszewska, Kinga"]
[Black "Towarnicka, Izabela"]
[Result "1-0"]
[ECO "D35"]
[WhiteElo "1312"]
[BlackElo "1397"]
[Annotator "NA"]
[PlyCount "89"]
[EventDate "2020.08.06"]
[EventType "swiss"]
[EventCountry "POL"]
[SourceTitle "playchess.com"]
[Source "ChessBase"]
[SourceQuality "1"]
[TimeControl "40/5400+30:1800+30"]

1. d4 d5 2. Nf3 Nf6 3. c4 e6 4. Nc3 Be7 5. Bf4 c6 6. e3 O-O 7. Bd3 Nbd7 8. cxd5 exd5 9. Rc1 Nh5 10. Be5 Nhf6 11. Bf4 h6 12. h3 b6 13. O-O c5 14. Nb5 Bb7 15. Bc7 Qc8 16. dxc5 bxc5 17. Bg3 Ne8 18. Nc3 Nb6 19. Bc2 Qe6 20. Bb3 Nf6 21. e4 Rfd8 22. Bc7 Rd7 23. Bxb6 axb6 24. exd5 Nxd5 25. Bxd5 Bxd5 26. Re1 Be4 27. Qe2 f5 28. Nd2 Bg5 29. Rcd1 Bxd2 30. Rxd2 Rxd2 31. Qxd2 Qf7 32. Nxe4 fxe4 33. a3 Re8 34. Qc2 Qe6 35. Qc3 Qd5 36. Qe3 b5 37. f3 Qd4 38. Qxd4 cxd4 39. Rxe4 Rxe4 40. fxe4 Kf7 41. Kf2 Kf6 42. Ke2 Ke5 43. Kd3 g6 44. b3 g5 45. a4 1-0

[Event "4th Memorial Warakomska-B 2020"]
[Site "Suwalki"]
[Date "2020.08.06"]
[Round "7.22"]
[White "Kopaczewski, Zbigniew"]
[Black "Dietrich, Pawel"]
[Result "1/2-1/2"]
[ECO "D05"]
[WhiteElo "1488"]
[BlackElo "1162"]
[Annotator "NA"]
[PlyCount "85"]
[EventDate "2020.08.06"]
[EventType "swiss"]
[EventCountry "POL"]
[SourceTitle "playchess.com"]
[Source "ChessBase"]
[SourceQuality "1"]
[TimeControl "40/5400+30:1800+30"]

1. e3 d5 2. Nf3 c5 3. d4 e6 4. c3 Nf6 5. Nbd2 Be7 6. Bd3 O-O 7. Ne5 Nbd7 8. Ndf3 Ne4 9. Nxd7 Qxd7 10. h4 f5 11. Ne5 Qc7 12. f3 Ng3 13. Rh3 Qd8 14. Kd2 Bxh4 15. Kc2 c4 16. Be2 f4 17. exf4 Qf6 18. b3 a5 19. bxc4 a4 20. Bd3 dxc4 21. Bxc4 b5 22. Bd3 b4 23. Qg1 b3+ 24. Kd2 Bb7 25. Kd1 Rfc8 26. Qh2 Nf5 27. g4 Bg3 28. Qe2 Bxf4 29. gxf5 Bxc1 30. Rxc1 exf5 31. Qh2 h6 32. Bc4+ Rxc4 33. Nxc4 Qa6 34. axb3 axb3 35. Qe2 Bd5 36. Nb2 Qg6 37. f4 Ra2 38. Rh2 Qg1+ 39. Qe1 Bf3+ 40. Re2 Bxe2+ 41. Kxe2 Rxb2+ 42. Kd3 Qg2 43. Qe6+ 1/2-1/2

[Event "4th Memorial Warakomska-B 2020"]
[Site "Suwalki"]
[Date "2020.08.06"]
[Round "7.23"]
[White "Borowik, Grzegorz"]
[Black "Pieczulis, Hubert"]
[Result "1-0"]
[ECO "E01"]
[WhiteElo "1089"]
[BlackElo "1486"]
[Annotator "NA"]
[PlyCount "69"]
[EventDate "2020.08.06"]
[EventType "swiss"]
[EventCountry "POL"]
[SourceTitle "playchess.com"]
[Source "ChessBase"]
[SourceQuality "1"]
[TimeControl "40/5400+30:1800+30"]

1. d4 Nf6 2. c4 e6 3. Nc3 d5 4. Nf3 c6 5. g3 Nbd7 6. Bg2 Bd6 7. c5 Bc7 8. O-O e5 9. e3 O-O 10. Nh4 g6 11. f4 exd4 12. exd4 Re8 13. f5 b6 14. Bg5 bxc5 15. fxg6 fxg6 16. Nxd5 Rf8 17. Nxf6+ Nxf6 18. dxc5 Bb7 19. Qb3+ Kg7 20. Qxb7 Qd4+ 21. Kh1 Rac8 22. Bxf6+ Rxf6 23. Rxf6 Qxf6 24. Qxc8 Be5 25. Qxc6 Bxb2 26. Qxf6+ Bxf6 27. Rd1 Kf7 28. Rd7+ Ke6 29. Bh3+ Ke5 30. c6 Bxh4 31. gxh4 h6 32. c7 h5 33. c8=Q a5 34. Qe8+ Kf6 35. Rf7# 1-0

[Event "4th Memorial Warakomska-B 2020"]
[Site "Suwalki"]
[Date "2020.08.06"]
[Round "7.24"]
[White "Pietryk, Joanna"]
[Black "Gladyszewski, Adam"]
[Result "1-0"]
[ECO "B86"]
[WhiteElo "1329"]
[BlackElo "1174"]
[Annotator "NA"]
[PlyCount "72"]
[EventDate "2020.08.06"]
[EventType "swiss"]
[EventCountry "POL"]
[SourceTitle "playchess.com"]
[Source "ChessBase"]
[SourceQuality "1"]
[TimeControl "40/5400+30:1800+30"]

1. e4 c5 2. Nf3 e6 3. d4 cxd4 4. Nxd4 d6 5. Nc3 Be7 6. Be3 a6 7. Bc4 Nf6 8. O-O b5 9. Bd3 Bb7 10. a3 Nc6 11. Nxc6 Bxc6 12. f4 O-O 13. Qf3 Rc8 14. Qh3 e5 15. f5 d5 16. exd5 Bxd5 17. Rad1 Qc7 18. Nxd5 Nxd5 19. f6 g6 20. fxe7 Qxe7 21. Bh6 Rfe8 22. Be4 Nf4 23. Bxf4 exf4 24. Bd3 Qg5 25. Qf3 Re3 26. Qxf4 Qxf4 27. Rxf4 Rce8 28. Rf6 Ra8 29. Kf2 Re7 30. Re1 Rc7 31. Ke2 Kg7 32. Rff1 Raa7 33. Kd2 Rcb7 34. Kc3 a5 35. Kb3 Kg8 36. Be4 Re7 1-0

[Event "4th Memorial Warakomska-B 2020"]
[Site "Suwalki"]
[Date "2020.08.06"]
[Round "7.25"]
[White "Wiszniewska, Gabriela"]
[Black "Wisniewski, Wiktor"]
[Result "0-1"]
[ECO "B06"]
[WhiteElo "1194"]
[BlackElo "1075"]
[Annotator "NA"]
[PlyCount "60"]
[EventDate "2020.08.06"]
[EventType "swiss"]
[EventCountry "POL"]
[SourceTitle "playchess.com"]
[Source "ChessBase"]
[SourceQuality "1"]
[TimeControl "40/5400+30:1800+30"]

1. e4 g6 2. d4 Bg7 3. Nf3 d6 4. Bf4 c5 5. c3 cxd4 6. Nxd4 e5 7. Ne2 exf4 8. Nxf4 Nf6 9. f3 Qb6 10. Qc2 Qe3+ 11. Ne2 O-O 12. Nd2 Nc6 13. O-O-O Be6 14. Kb1 Rac8 15. a3 b5 16. Ng3 b4 17. axb4 Nxb4 18. Qc1 Ng4 19. fxg4 Ba2+ 20. Ka1 Rxc3 21. Nb3 Rxc1+ 22. Nxc1 Qa3 23. Rd2 Bc3 24. Re2 Bc4+ 25. Kb1 Ba2+ 26. Nxa2 Qxa2+ 27. Kc1 Bxb2+ 28. Kd1 Qb3+ 29. Ke1 Nd3+ 30. Kd2 Bc1# 0-1

[Event "4th Memorial Warakomska-B 2020"]
[Site "Suwalki"]
[Date "2020.08.06"]
[Round "7.26"]
[White "Peksa, Zuzanna"]
[Black "Borowik, Monika"]
[Result "0-1"]
[ECO "B96"]
[WhiteElo "1146"]
[BlackElo "1286"]
[Annotator "NA"]
[PlyCount "70"]
[EventDate "2020.08.06"]
[EventType "swiss"]
[EventCountry "POL"]
[SourceTitle "playchess.com"]
[Source "ChessBase"]
[SourceQuality "1"]
[TimeControl "40/5400+30:1800+30"]

1. e4 c5 2. Nf3 d6 3. d4 cxd4 4. Nxd4 Nf6 5. Nc3 a6 6. Bg5 e6 7. f4 Nbd7 8. Qf3 Qc7 9. O-O-O b5 10. Bd3 Bb7 11. Rhe1 Rc8 12. Nd5 Qc5 13. Bxf6 Nxf6 14. Nb3 Qa7 15. Nxf6+ gxf6 16. f5 e5 17. g4 Bh6+ 18. Kb1 Bf4 19. h4 h6 20. Nd2 Ke7 21. Nf1 Qc5 22. Ng3 Bxg3 23. Qxg3 Rhg8 24. Rg1 Qb4 25. Qe3 d5 26. exd5 Bxd5 27. Qa7+ Kf8 28. Qxa6 Ra8 29. Qxb5 Bxa2+ 30. Kc1 Qf4+ 31. Rd2 Bd5 32. Qc5+ Kg7 33. c3 Ra1+ 34. Kc2 Bb3+ 35. Kxb3 Qa4# 0-1

[Event "4th Memorial Warakomska-B 2020"]
[Site "Suwalki"]
[Date "2020.08.06"]
[Round "7.28"]
[White "Zapalowska, Wiktoria"]
[Black "Szczepanska, Jagoda"]
[Result "1-0"]
[ECO "A45"]
[WhiteElo "1250"]
[BlackElo "1015"]
[Annotator "NA"]
[PlyCount "89"]
[EventDate "2020.08.06"]
[EventType "swiss"]
[EventCountry "POL"]
[SourceTitle "playchess.com"]
[Source "ChessBase"]
[SourceQuality "1"]
[TimeControl "40/5400+30:1800+30"]

1. d4 Nf6 2. Bf4 g6 3. e3 a6 4. Nf3 Bg7 5. h3 d5 6. Be2 Nc6 7. O-O O-O 8. Nbd2 Nh5 9. Bh2 f5 10. c3 Bd7 11. Qb3 Bc8 12. a4 Nf6 13. Rfd1 e6 14. Qc2 Qe7 15. b4 Nd8 16. Nb3 Nf7 17. Nc5 Nd6 18. Ne5 b6 19. Ncd3 Bb7 20. Rdb1 Nd7 21. Nxd7 Qxd7 22. Ne5 Qe7 23. b5 a5 24. c4 dxc4 25. Nxc4 Qg5 26. f3 Nxc4 27. Bxc4 Qxe3+ 28. Qf2 Qxf2+ 29. Kxf2 Bxd4+ 30. Kf1 Bxa1 31. Bxe6+ Kg7 32. Rxa1 Kf6 33. Bb3 Rac8 34. Re1 Rfd8 35. Be5+ Kg5 36. f4+ Kh6 37. g4 fxg4 38. hxg4 g5 39. Be6 Ra8 40. Re3 gxf4 41. Rh3+ Kg6 42. Bf5+ Kf7 43. Rxh7+ Ke8 44. Bf6 Rd2 45. Bg6+ 1-0

[Event "4th Memorial Warakomska-B 2020"]
[Site "Suwalki"]
[Date "2020.08.06"]
[Round "7.29"]
[White "Zawal, Krzysztof"]
[Black "Walendykiewicz, Martyna"]
[Result "0-1"]
[ECO "C22"]
[WhiteElo "1105"]
[BlackElo "1181"]
[Annotator "NA"]
[PlyCount "126"]
[EventDate "2020.08.06"]
[EventType "swiss"]
[EventCountry "POL"]
[SourceTitle "playchess.com"]
[Source "ChessBase"]
[SourceQuality "1"]
[TimeControl "40/5400+30:1800+30"]

1. e4 e5 2. d4 exd4 3. Qxd4 Nc6 4. Qe3 d6 5. Nc3 Nf6 6. Bd2 Be6 7. O-O-O a6 8. f4 Be7 9. h3 h6 10. Nf3 Nh7 11. g4 f6 12. Bd3 Nb4 13. a3 Nxd3+ 14. Qxd3 Qd7 15. e5 O-O-O 16. Qe3 Kb8 17. f5 Bg8 18. e6 Qe8 19. Nh4 Nf8 20. Be1 Qc6 21. Bf2 b6 22. Nd5 Re8 23. Kb1 Bh7 24. Nb4 Qb7 25. Qb3 a5 26. Nd5 Qc6 27. Rd3 a4 28. Qb4 Nxe6 29. fxe6 Bxd3 30. cxd3 Qxd5 31. Rc1 Qxd3+ 32. Ka1 Qb3 33. Qd2 Qxe6 34. Qb4 Qb3 35. Qd2 Bd8 36. Rc3 Qf7 37. Nf5 g6 38. Nd4 Kb7 39. Qd3 Rh7 40. Rc4 Qd5 41. Rxa4 b5 42. Rb4 c6 43. Qxg6 Rhe7 44. Nc2 f5 45. Ne3 Qh1+ 46. Ka2 Bb6 47. Qxd6 Bxe3 48. Bxe3 Qd5+ 49. Qxd5 cxd5 50. Rxb5+ Kc6 51. Rb6+ Kc7 52. Bc5 f4 53. Rxh6 Re6 54. Rh7+ Kc6 55. Bd4 Rf8 56. Ra7 Re4 57. Bf2 f3 58. a4 d4 59. Ra6+ Kc5 60. Ka3 Re2 61. Ra5+ Kc4 62. b3+ Kd3 63. Bg1 Rg2 0-1

[Event "4th Memorial Warakomska-B 2020"]
[Site "Suwalki"]
[Date "2020.08.06"]
[Round "7.30"]
[White "Owczarz, Michal"]
[Black "Krzastek, Adrian"]
[Result "0-1"]
[ECO "B72"]
[WhiteElo "1018"]
[BlackElo "1128"]
[Annotator "NA"]
[PlyCount "100"]
[EventDate "2020.08.06"]
[EventType "swiss"]
[EventCountry "POL"]
[SourceTitle "playchess.com"]
[Source "ChessBase"]
[SourceQuality "1"]
[TimeControl "40/5400+30:1800+30"]

1. e4 c5 2. Nf3 d6 3. d4 cxd4 4. Nxd4 Nf6 5. Nc3 g6 6. Bc4 Bg7 7. O-O O-O 8. f4 Nc6 9. Be3 Ng4 10. Nxc6 Nxe3 11. Nxd8 Nxd1 12. Bxf7+ Rxf7 13. Nxf7 Nxc3 14. Nxd6 exd6 15. bxc3 Bxc3 16. Rad1 Bb4 17. c3 Bc5+ 18. Kh1 Bg4 19. Rde1 Re8 20. h3 Be6 21. a4 Bc4 22. Rf3 Bd5 23. Rd3 Bxe4 24. Rdd1 Bc6 25. Rxe8+ Bxe8 26. Re1 Bxa4 27. Re7 Bc6 28. Kh2 d5 29. Re5 d4 30. cxd4 Bxd4 31. Re7 a5 32. Re2 a4 33. Rd2 Bc5 34. Rc2 Bf8 35. g4 a3 36. Rd2 b5 37. f5 gxf5 38. gxf5 Be4 39. f6 Kf7 40. h4 Kxf6 41. Rf2+ Kg7 42. h5 Bd6+ 43. Kh3 b4 44. h6+ Kg6 45. Kg4 b3 46. Rd2 Bf5+ 47. Kf3 Be5 48. Rd5 Bf6 49. Rd2 b2 50. Rg2+ Bg5 0-1

[Event "4th Memorial Warakomska-B 2020"]
[Site "Suwalki"]
[Date "2020.08.06"]
[Round "7.31"]
[White "Kaznowska, Kinga"]
[Black "Wardziak, Ewa"]
[Result "1-0"]
[ECO "C68"]
[WhiteElo "1007"]
[BlackElo "1280"]
[Annotator "NA"]
[PlyCount "129"]
[EventDate "2020.08.06"]
[EventType "swiss"]
[EventCountry "POL"]
[SourceTitle "playchess.com"]
[Source "ChessBase"]
[SourceQuality "1"]
[TimeControl "40/5400+30:1800+30"]

1. e4 e5 2. Nf3 Nc6 3. Bb5 Nf6 4. d3 a6 5. Bxc6 dxc6 6. Nxe5 Bd6 7. Nf3 O-O 8. Bg5 h6 9. Bh4 Re8 10. Nbd2 b5 11. Nb3 Bg4 12. h3 Bxf3 13. Qxf3 c5 14. O-O c4 15. dxc4 bxc4 16. Bxf6 Qxf6 17. Qxf6 gxf6 18. Nd2 Bf8 19. c3 Rab8 20. Rab1 Rbd8 21. Rfd1 h5 22. Kf1 Bh6 23. Nxc4 Rxd1+ 24. Rxd1 Rxe4 25. Rd4 Re6 26. f3 Kf8 27. Rd5 Bg5 28. Rc5 Bh4 29. Kg1 Bg3 30. Nd2 h4 31. Ne4 Ke7 32. Rd5 Kf8 33. Kf1 Kg7 34. Nxg3 hxg3 35. Rd3 c5 36. f4 Rb6 37. Rxg3+ Kf8 38. b3 a5 39. Re3 a4 40. c4 a3 41. Ke2 f5 42. Re5 Rg6 43. Kf2 Rd6 44. Rd5 Rc6 45. Rxf5 Ke7 46. Rd5 Ke6 47. g3 Kf6 48. h4 Kg6 49. g4 Rc8 50. Kf3 Rh8 51. h5+ Kg7 52. Rxc5 Rd8 53. Ra5 Rd3+ 54. Ke4 Rg3 55. g5 Kh7 56. Rxa3 Rg1 57. Ra7 Kg7 58. Kf5 Rg2 59. g6 Kh8 60. gxf7 Kg7 61. h6+ Kf8 62. h7 Rh2 63. Ra8+ Kxf7 64. h8=Q Rxh8 65. Rxh8 1-0

[Event "4th Memorial Warakomska-B 2020"]
[Site "Suwalki"]
[Date "2020.08.06"]
[Round "7.33"]
[White "Peksa, Piotr"]
[Black "Zalega, Joanna"]
[Result "1/2-1/2"]
[ECO "E07"]
[WhiteElo "1018"]
[BlackElo "1127"]
[Annotator "NA"]
[PlyCount "60"]
[EventDate "2020.08.06"]
[EventType "swiss"]
[EventCountry "POL"]
[SourceTitle "playchess.com"]
[Source "ChessBase"]
[SourceQuality "1"]
[TimeControl "40/5400+30:1800+30"]

1. c4 Nf6 2. Nc3 e6 3. g3 d5 4. Bg2 Be7 5. cxd5 exd5 6. d4 c6 7. Nf3 Nbd7 8. O-O O-O 9. Bg5 h6 10. Bxf6 Nxf6 11. Re1 Bf5 12. a3 Re8 13. Nd2 Qb6 14. Nb3 Rad8 15. Na4 Qb5 16. Nc3 Qb6 17. Na4 Qc7 18. Nc3 Bd6 19. e3 Ne4 20. Nxe4 Bxe4 21. Rc1 Qb6 22. Bxe4 dxe4 23. Qc2 f5 24. Re2 g6 25. Kg2 Qb5 26. Rd2 Re7 27. Rcd1 Red7 28. h3 Be7 29. Kh2 Kg7 30. Kg2 b6 1/2-1/2

[Event "4th Memorial Warakomska-B 2020"]
[Site "Suwalki"]
[Date "2020.08.12"]
[Round "8.1"]
[White "Wierzbicki, Michal"]
[Black "Rak, Tomasz"]
[Result "0-1"]
[ECO "E91"]
[WhiteElo "1849"]
[BlackElo "1879"]
[Annotator "NA"]
[PlyCount "98"]
[EventDate "2020.08.06"]
[EventType "swiss"]
[EventCountry "POL"]
[SourceTitle "playchess.com"]
[Source "ChessBase"]
[SourceQuality "1"]
[TimeControl "40/5400+30:1800+30"]

1. d4 Nf6 2. Nf3 g6 3. c4 Bg7 4. Nc3 O-O 5. e4 d6 6. Be2 a5 7. O-O {[%emt 0:08:46] E91: King's Indian: Classical: 6 Be2, unusual replies including 6...c5 and 6...Bg4.} Nfd7 8. Be3 {[%emt 0:09:59] [#]} Na6 $146 ({Predecessor:} 8... e5 9. dxe5 Nxe5 10. Nxe5 Bxe5 11. f4 Bg7 12. f5 Re8 13. Bd4 Nd7 14. Bxg7 Kxg7 {0-1 (43) Van Espen,E (2112)-Gergacz,A (2432) Leuven 2011}) 9. Qd2 e5 10. Bh6 c6 11. Rfd1 Qe7 12. Bxg7 Kxg7 13. Rac1 Nc7 14. c5 dxc5 15. d5 Qd6 16. Qe3 a4 17. dxc6 Qxc6 18. Bc4 Ra5 19. Bd5 Qb6 20. Nd2 Qa7 (20... Ra7 $11) 21. Nc4 Ra6 22. Qg3 f6 23. Na3 Rb6 24. Rc2 Rb4 25. Bc4 Qa5 26. Qd3 Nb6 27. Ne2 Nxc4 28. Nxc4 Qa6 29. a3 Rb3 30. Qd6 Qxd6 31. Rxd6 Nb5 32. Rb6 (32. Rd5 $15) 32... Nd4 33. Nxd4 cxd4 34. Rd6 d3 35. Rd2 Rf7 36. Nb6 Rc7 37. h3 Rc1+ 38. Kh2 Rc2 39. R2xd3 Rbxb2 40. Nxa4 Ra2 41. Rf3 {[%emt 0:12:18] [#]} (41. Nb6 $11 {remains equal.}) 41... f5 $1 42. Nb6 fxe4 43. Rg3 Bf5 44. Nd7 Rxf2 45. Nxe5 e3 46. Rxe3 $19 Rxg2+ 47. Kh1 Rh2+ 48. Kg1 Bxh3 49. Nf3 Rag2+ 0-1

[Event "4th Memorial Warakomska-B 2020"]
[Site "Suwalki"]
[Date "2020.08.12"]
[Round "8.2"]
[White "Ryszkiewicz, Adam"]
[Black "Sapinski, Sebastian"]
[Result "1-0"]
[ECO "C07"]
[WhiteElo "1941"]
[BlackElo "1603"]
[Annotator "ChessBase"]
[PlyCount "65"]
[EventDate "2020.08.06"]
[EventType "swiss"]
[EventCountry "POL"]
[SourceTitle "playchess.com"]
[Source "ChessBase"]
[SourceQuality "1"]
[TimeControl "40/5400+30:1800+30"]

1. e4 e6 2. d4 d5 3. Nd2 c5 4. Ngf3 cxd4 5. Nxd4 Nc6 6. Bb5 Bd7 7. Nxc6 bxc6 8. Bd3 Qc7 9. O-O Bd6 10. h3 Ne7 11. b3 Ng6 12. exd5 exd5 13. Re1+ Be6 14. Nf3 Ne5 15. Bb2 Nxd3 16. Qxd3 O-O-O 17. Ng5 Qd7 18. Bxg7 Rhg8 19. Bf6 Rxg5 20. Bxg5 Rg8 21. h4 Rg6 22. Qe3 d4 23. Qe2 h6 24. Bd2 Bd5 25. f3 Kb7 26. g4 f5 27. Qe8 Qg7 28. g5 f4 29. Bxf4 hxg5 30. h5 Re6 31. Rxe6 Bxe6 32. Bxd6 d3 33. Qe7+ 1-0

[Event "4th Memorial Warakomska-B 2020"]
[Site "Suwalki"]
[Date "2020.08.12"]
[Round "8.3"]
[White "Wolagiewicz, Kinga"]
[Black "Sapeta, Robert"]
[Result "0-1"]
[ECO "B42"]
[WhiteElo "1719"]
[BlackElo "1895"]
[Annotator "NA"]
[PlyCount "130"]
[EventDate "2020.08.06"]
[EventType "swiss"]
[EventCountry "POL"]
[SourceTitle "playchess.com"]
[Source "ChessBase"]
[SourceQuality "1"]
[TimeControl "40/5400+30:1800+30"]

1. e4 e6 2. d4 c5 3. Nf3 cxd4 4. Nxd4 a6 5. Bd3 Qc7 6. O-O Nf6 7. Nc3 d6 8. Kh1 Bd7 {[%emt 0:00:49] B43: Sicilian: Kan Variation: 5 Nc3.} 9. f4 Nc6 10. Nf3 {[%emt 0:03:01] [#]} h5 $146 ({Predecessor:} 10... Be7 11. Be3 b5 12. Qd2 Nb4 13. Nd4 Nxd3 14. cxd3 Ng4 15. Bg1 O-O 16. Qe2 Nh6 {½-½ (44) De Mooij,M (1765)-Duijnisveld,A (1563) Leiden 2006}) 11. Qe1 Be7 12. a3 Rc8 13. f5 Ne5 14. Nxe5 dxe5 15. Be3 exf5 16. exf5 Bc6 17. Bf2 h4 18. h3 b5 19. Rg1 Nh5 20. Be4 Bxe4 21. Qxe4 Nf6 22. Qe2 Nd7 23. Rad1 Bf6 24. Rd2 O-O $2 (24... Bg5 $16) 25. Nd5 (25. Rgd1 $142) 25... Qc4 26. Qh5 Rfe8 27. Rgd1 Qe4 28. Nc3 Rxc3 29. bxc3 Nf8 30. Re1 Qc4 31. Rd6 Nh7 32. Rd7 Rf8 33. Qf3 Ng5 34. Qd3 Qf4 35. Bc5 Re8 36. Rf1 Qa4 37. Re1 Qf4 38. Rf1 Qa4 $1 39. Bb4 e4 40. Qe3 Qxc2 41. Rd2 Qb3 42. Rd6 a5 43. Bxa5 Qxa3 44. Bb4 Qb2 45. Rd2 Qb3 46. Ra1 Rc8 47. Rda2 Qd5 48. Qf4 Rd8 49. Ra6 Be5 50. Qxh4 (50. Qxg5 $2 {[#] leads to mate.} Qd1+ $1 {[%mdl 576] Back Rank} 51. Rxd1 Rxd1#) 50... Bf6 51. Rxf6 gxf6 52. Be7 Kg7 53. Bxf6+ Kxf6 54. Qh6+ Ke7 55. Qxg5+ Kd7 56. Qf6 (56. Ra7+ $142 Kc6 57. h4) 56... Rc8 57. h4 Rc6 58. Ra7+ Rc7 59. Rxc7+ Kxc7 60. Qe7+ Kc6 61. Qe8+ Kc7 62. Qe7+ Kc6 63. Qg5 Qe5 64. Qh6+ f6 65. Qg6 $19 (65. Qe3 $11) 65... e3 0-1

[Event "4th Memorial Warakomska-B 2020"]
[Site "Suwalki"]
[Date "2020.08.12"]
[Round "8.4"]
[White "Kaminski, Maciej"]
[Black "Zalega, Maciej"]
[Result "1-0"]
[ECO "A45"]
[WhiteElo "1869"]
[BlackElo "1743"]
[Annotator "NA"]
[PlyCount "93"]
[EventDate "2020.08.06"]
[EventType "swiss"]
[EventCountry "POL"]
[SourceTitle "playchess.com"]
[Source "ChessBase"]
[SourceQuality "1"]
[TimeControl "40/5400+30:1800+30"]

1. d4 Nf6 2. Bf4 g6 3. Nc3 d5 4. e3 Bg7 5. h4 h5 6. Nf3 {[%emt 0:01:19] A45: Trompowsky Attack.} Bg4 {[%emt 0:01:36] 6...c6 is a critical line.} 7. Qd2 c6 8. Ne5 Nbd7 9. f3 {[%emt 0:06:40] [#]} Be6 $146 ({Predecessor:} 9... Bf5 10. O-O-O Nxe5 11. Bxe5 Bh6 12. Kb1 b5 13. Bd3 Be6 14. Ne2 Qb6 15. Nf4 Bd7 {1-0 (63) Trent,L (2383)-Ajele,R (2188) Caleta 2020}) 10. O-O-O Bh6 11. Bxh6 Rxh6 12. Be2 Rh8 13. e4 dxe4 14. Nxd7 Qxd7 15. Nxe4 Nxe4 16. fxe4 O-O-O 17. Rhf1 Qd6 18. e5 Qd5 19. c4 Qxg2 20. Qe3 Rhf8 21. Bf3 Qg3 {[%emt 0:11:15] [#]} 22. Rg1 $1 Qxh4 23. Rh1 Bh3 24. Bg2 e6 25. Bxh3 Qe7 26. d5 cxd5 27. cxd5 Kb8 28. d6 Qd7 29. Kb1 Qc6 30. Rc1 Qb5 31. Rc5 Qb6 32. Rhc1 Rc8 33. Qh6 Rfd8 34. Rxc8+ Rxc8 35. Rxc8+ Kxc8 36. Qf8+ Kd7 37. Qxf7+ Kc6 38. Bg2+ Kb5 39. Qf1+ Ka5 40. Qe1+ Kb5 41. Qe2+ Kc5 42. Qc2+ Kb5 43. Qd3+ Ka5 44. Qc3+ Ka4 45. b3+ Ka3 46. Qc1+ Kb4 47. Qc4+ 1-0

[Event "4th Memorial Warakomska-B 2020"]
[Site "Suwalki"]
[Date "2020.08.12"]
[Round "8.5"]
[White "Kiolbasa, Damian"]
[Black "Obolonin, Filipp"]
[Result "1-0"]
[ECO "D00"]
[WhiteElo "1973"]
[BlackElo "1922"]
[Annotator "ChessBase"]
[PlyCount "63"]
[EventDate "2020.08.06"]
[EventType "swiss"]
[EventCountry "POL"]
[SourceTitle "playchess.com"]
[Source "ChessBase"]
[SourceQuality "1"]
[TimeControl "40/5400+30:1800+30"]

1. d4 d5 2. Bg5 c6 3. Nf3 Nf6 4. Nbd2 Nbd7 5. e3 g6 6. h4 h6 7. Bf4 Bg7 8. Ne5 Nh5 9. Bh2 Nxe5 10. dxe5 Bf8 11. Bd3 Ng7 12. e4 h5 13. exd5 cxd5 14. c4 Ne6 15. Qb3 dxc4 16. Bxc4 Bh6 17. Ne4 O-O 18. O-O Rb8 19. Rad1 Qc7 20. f4 Nc5 21. Qc3 Na6 22. Rc1 Qb6+ 23. Kh1 Bf5 24. Ng3 e6 25. Nxf5 exf5 26. Bg1 Qd8 27. g3 b5 28. Rfd1 Qe7 29. Bb3 Rfd8 30. Qc6 Rxd1 31. Qxg6+ Bg7 32. Rxd1 1-0

[Event "4th Memorial Warakomska-B 2020"]
[Site "Suwalki"]
[Date "2020.08.12"]
[Round "8.6"]
[White "Widelski, Kacper"]
[Black "Lukasik, Zuzanna"]
[Result "1-0"]
[ECO "B43"]
[WhiteElo "1879"]
[BlackElo "1553"]
[Annotator "NA"]
[PlyCount "67"]
[EventDate "2020.08.06"]
[EventType "swiss"]
[EventCountry "POL"]
[SourceTitle "playchess.com"]
[Source "ChessBase"]
[SourceQuality "1"]
[TimeControl "40/5400+30:1800+30"]

1. e4 c5 2. Nf3 e6 3. d4 cxd4 4. Nxd4 a6 5. Nc3 Qc7 6. Bd3 Nf6 7. O-O d6 8. a4 Nbd7 {[%emt 0:00:34] B43: Sicilian: Kan Variation: 5 Nc3.} 9. Be3 b6 10. Qe2 Bb7 11. Rae1 g6 {[%emt 0:02:43] [#]} 12. h3 $146 ({Predecessor:} 12. Kh1 Nc5 13. f3 Bg7 14. Bg1 h5 15. g3 O-O 16. Nb3 Ncd7 17. Bd4 e5 18. Be3 {½-½ (37) Rosenberger,F (2165)-Wagner,D (2355) Schwaebisch Gmuend 2012}) 12... Bg7 13. f4 O-O 14. Bf2 Rfc8 15. Qd2 Nc5 16. Nf3 Nfd7 17. Bd4 Nxd3 18. cxd3 Bxd4+ 19. Nxd4 Nc5 20. Nf3 Bc6 21. f5 exf5 22. exf5 Re8 23. Qh6 Nd7 24. Rxe8+ Rxe8 25. Ng5 Nf6 26. fxg6 fxg6 27. Rxf6 Re1+ 28. Rf1 Qe7 29. Nce4 Rxf1+ 30. Kxf1 Bxe4 31. dxe4 Qf6+ $18 32. Kg1 Qd4+ 33. Kh1 Qd1+ 34. Kh2 1-0

[Event "4th Memorial Warakomska-B 2020"]
[Site "Suwalki"]
[Date "2020.08.12"]
[Round "8.7"]
[White "Bancarewicz, Aleks"]
[Black "Cwiek, Ryszard"]
[Result "0-1"]
[ECO "C10"]
[WhiteElo "1781"]
[BlackElo "1867"]
[Annotator "NA"]
[PlyCount "113"]
[EventDate "2020.08.06"]
[EventType "swiss"]
[EventCountry "POL"]
[SourceTitle "playchess.com"]
[Source "ChessBase"]
[SourceQuality "1"]
[TimeControl "40/5400+30:1800+30"]

1. e4 e6 2. d4 d5 3. Nc3 Nc6 4. Nf3 Nf6 5. Bg5 Be7 6. e5 Ne4 7. Bxe7 Qxe7 8. a3 Nxc3 9. bxc3 Na5 {[%emt 0:00:08] C10: French with 3 Nc3: Unusual Black 3rd moves and 3...dxe4.} 10. Qb1 Bd7 11. Qb4 b6 {[%emt 0:00:15] [#]} 12. Qxe7+ $146 ({Predecessor:} 12. Ba6 c5 13. dxc5 Qxc5 14. O-O Nc6 15. Qg4 O-O 16. Bd3 h6 17. Rae1 f5 18. exf6 Rxf6 {½-½ (48) Klima,L (2425)-Szymanski,M (2407) Olomouc 2003}) 12... Kxe7 13. Nd2 Ba4 14. Bd3 c5 15. Ra2 c4 16. Be2 Bd7 17. O-O b5 18. f4 Rab8 19. Rb2 Rb6 20. Bf3 Nc6 $11 21. Ra1 a5 22. Nf1 Rhb8 23. Ne3 R6b7 24. Rab1 b4 25. axb4 axb4 26. cxb4 c3 27. Ra2 Nxd4 28. Kf2 Nxf3 29. Kxf3 Rxb4 30. Rxb4 Rxb4 31. Nd1 d4 32. g3 Rb1 33. Nxc3 dxc3 34. Ra3 Rb6 35. Rxc3 Rc6 36. Ra3 Rxc2 37. h4 h5 38. Ra7 Ke8 39. Ra8+ Rc8 40. Ra7 Rc3+ 41. Kf2 Bc6 42. Rc7 Rf3+ 43. Kg2 Bd5 44. Kh3 Rf1 45. Rc2 Rh1+ 46. Rh2 Rxh2+ 47. Kxh2 Kf8 48. Kh3 Bf3 49. Kh2 Kg8 50. Kg1 Kh7 51. Kf2 Bd5 52. Ke3 Kg6 53. Kf2 Kf5 54. Ke3 Kg4 55. Kf2 Bc6 56. Ke3 Kxg3 57. Ke2 0-1